 Dungeon Crawl Stone Soup version 0.26-a0-720-g2a1d101370 (webtiles) character file.

Game seed: 1141584711695519447

193 marklar909 the Ruffian (level 5, 0/40 HPs)
             Began as a Draconian Transmuter on Nov 3, 2020.
             Killed from afar by an orc wizard (6 damage)
             ... with a magic dart
             ... on level 4 of the Dungeon.
             The game lasted 00:03:52 (3313 turns).

marklar909 the Ruffian (Draconian Transmuter)       Turns: 3313, Time: 00:03:53

Health: 0/40       AC:  5    Str: 13    XL:     5   Next: 43%
Magic:  8/10       EV: 12    Int: 13    God:
Gold:   212        SH:  0    Dex: 12    Spells: 8/11 levels left

rFire    . . .     SeeInvis .     - Unarmed
rCold    . . .     Faith    .   (no shield)
rNeg     . . .     Spirit   .   (armour unavailable)
rPois    .         Reflect  .   (helmet currently unavailable)
rElec    .         Harm     .   (no cloak)
rCorr    .         Rampage  .   (no gloves)
MR       .....                  (boots currently unavailable)
Stlth    +.........             (no amulet)
HPRegen  0.13/turn              (no ring)
MPRegen  0.12/turn              (no ring)

@: appendages (expiring)
A: unfitting armour, horns 2, talons 2, cold-blooded, AC +5
a: End Transformation


You were on level 4 of the Dungeon.
You had grown temporary horns.
You had grown temporary talons.
You visited 1 branch of the dungeon, and saw 4 of its levels.

You collected 212 gold pieces.

Inventory:

Missiles
 i - 9 poisoned darts (quivered)
Armour
 d - a +2 pair of boots (melded)
Jewellery
 r - an uncursed ring of protection from fire {unknown}
Scrolls
 a - a scroll of immolation
 c - 2 scrolls of teleportation
 g - a scroll of blinking
 h - 2 scrolls of enchant weapon {unknown}
 j - 3 scrolls of remove curse
 k - a scroll of amnesia {unknown}
 n - a scroll of fear {unknown}
 o - 2 scrolls of identify
 p - a scroll of fog {unknown}
 s - a scroll of magic mapping {unknown}
Potions
 b - a potion of resistance
 e - 2 potions of lignification {unknown}
 f - a potion of haste {unknown}
 l - 2 potions of stabbing {unknown}
 m - 4 potions of flight {unknown}
 q - a potion of degeneration {unknown}


   Skills:
 + Level 1.1 Fighting
 + Level 2.2 Dodging
 + Level 0.3 Stealth
 + Level 3.8 Unarmed Combat
 + Level 3.7 Spellcasting
 + Level 3.3 Transmutations


You had 8 spell levels left.
You knew the following spells:

 Your Spells              Type           Power        Failure   Level
a - Beastly Appendage     Tmut           ##....       5%          1
b - Wereblood             Tmut           ##......     9%          2

Your spell library contained the following spells:

 Spells                   Type           Power        Failure   Level
 Spider Form              Tmut/Pois      #.........   32%         3
 Confusing Touch          Hex            #.......     54%         3
 Gell's Gravitas          Tloc           #.........   54%         3
 Ice Form                 Ice/Tmut       #.......     71%         4
 Petrify                  Tmut/Erth      #.......     71%         4
 Blade Hands              Tmut           ##........   83%         5
 Yara's Violent Unravell  Hex/Tmut       #.........   96%         5
 Metabolic Englaciation   Hex/Ice        #.........   99%         5


Dungeon Overview and Level Annotations

Branches:
Dungeon (4/15)
 Temple: D:4-7

Altars:
Qazlal


Innate Abilities, Weirdness & Mutations

Your plain brown scales are hard. (AC +5)
You cannot fit into any form of body armour.
You are cold-blooded and may be slowed by cold attacks.
You have a pair of horns on your head.
You have razor-sharp toenails.


Message History

You hit the orc wizard. Your kick misses the orc wizard.
The orc wizard is heavily wounded.
Your transformation is almost over.
The orc wizard hits you with a +0 dagger.
* * * LOW HITPOINT WARNING * * *
The orc wizard hits you but does no damage.
Unknown command.
You barely miss the orc wizard. You headbutt the orc wizard.
The orc wizard is almost dead.
The orc wizard gestures at you while chanting.
The puff of frost hits you.
* * * LOW HITPOINT WARNING * * *
Unknown command.
You barely miss the orc wizard. Your kick misses the orc wizard.
You headbutt the orc wizard, but do no damage.
The orc wizard is almost dead.
The orc wizard hits you but does no damage.
The orc wizard points at you and mumbles some strange words.
The magic dart hits you.
You die...

..# #># ### ...
..# #.# #.# #!#
#.# #### #.# #.#
#....###)###.####
#.o@)...(.)..#
#####)###.##.#
#.###.##.#
##.....##.#
...........#
.....#####.#
####.# #†# #.#
#.# ..#####.#


You could see an orc wizard (fast).

Vanquished Creatures
  An orc wizard (D:4)
  An orc priest (D:4)
  6 adders
  A dart slug (D:1)
  4 leopard geckos
  8 orcs
  2 ball pythons (D:2)
  5 giant cockroaches
  10 goblins
  8 hobgoblins
  A quokka (D:3)
  4 bats
  4 frilled lizards
  8 kobolds
  12 rats
75 creatures vanquished.

Vanquished Creatures (others)
  A jackal (D:4)
1 creature vanquished.

Grand Total: 76 creatures vanquished

Notes
Turn   | Place    | Note
-------+----------+-------------------------------------------
     0 | D:1      | marklar909 the Draconian Transmuter began the quest for the
                  | Orb.
     0 | D:1      | Reached XP level 1. HP: 16/16 MP: 3/3
   297 | D:1      | Reached XP level 2. HP: 23/23 MP: 3/5
   521 | D:1      | Learned a level 2 spell: Wereblood
  1240 | D:2      | Reached XP level 3. HP: 26/28 MP: 2/7
  2196 | D:3      | Reached XP level 4. HP: 30/35 MP: 4/8
  2285 | D:3      | Found a stormy altar of Qazlal.
  3290 | D:4      | Reached XP level 5. HP: 40/40 MP: 6/10
  3313 | D:4      | Killed from afar by an orc wizard

Illustrated notes

Levels and vault maps discovered:
D:1:      ncdulo_lavacross, layout_loops_cross, chequers_decorated_corner
D:2:      layout_loops_ring
D:3:      layout_basic, grunt_qazlal_clouds, minmay_cupped
D:4:      layout_loops_ring, lemuel_temple_firewalk_b

Skill      XL: |  1  2  3  4 |
---------------+-------------+-----
Dodging        | 2 |  2.2
Spellcasting   | 3 |  3.7
Transmutations | 3 |  3.3
Fighting       | |  1.1
Stealth        | |  0.3
Unarmed Combat | |  3.8

Action                   |  1- 3 |  4- 6 || total
-------------------------+-------+-------++-------
Melee: Unarmed           |   115 |   101 ||   216
       Kick              |    18 |    16 ||    34
       Tailslap          |    10 |     5 ||    15
       Headbutt          |    12 |     7 ||    19
       Punch             |     1 |     3 ||     4
Throw: Dart              |     5 |       ||     5
 Cast: Beastly Appendage |    32 |    15 ||    47
       Wereblood         |    17 |    11 ||    28
  Use: Scroll            |     5 |       ||     5
 Stab: Sleeping          |     1 |     1 ||     2
Armor: Skin              |    30 |    36 ||    66
Dodge: Dodged            |    72 |    58 ||   130

Table legend: (Time is in decaauts)
 A = Elapsed time spent in this place.
 B = Non-inter-level travel time spent in this place.
 C = Inter-level travel time spent in this place.
 D = Time resting spent in this place.
 E = Time spent auto-exploring this place.
 F = Levels seen in this place.
 G = Mean time per level.
                   A        B        C        D        E       F      G
               +--------+--------+--------+--------+--------+-----+--------+
         Total |   3300 |   3182 |    118 |    244 |   2374 |   4 |  825.0 |
       Dungeon |   3300 |   3182 |    118 |    244 |   2374 |   4 |  825.0 |
               +--------+--------+--------+--------+--------+-----+--------+

Top non-repeatable levels by time:
     D:1: 1290 daAuts
     D:2: 1063 daAuts
     D:3: 849 daAuts
     D:4: 96 daAuts
